 Dungeon Crawl Stone Soup version 0.17-a0-1945-gfe993df (webtiles) character file.

535 Ordine the Skirmisher (level 7, -4/52 HPs)
             Began as an Octopode Fighter on Oct 1, 2015.
             Slain by a sky beast (5 damage)
             ... on level 5 of the Dungeon.
             The game lasted 00:10:26 (3740 turns).

Ordine the Skirmisher (Octopode Fighter)            Turns: 3740, Time: 00:10:26

Health: -4/52      AC:  1    Str: 16    XL:     7   Next: 25%
Magic:  7/7        EV: 10    Int: 10    God:
Gold:   193        SH:  9    Dex: 13    Spells: 0 memorised, 6 levels left

rFire  . . .     SeeInvis .     a - +0 long sword
rCold  . . .     Clarity  .     b - +0 shield
rNeg   . . .     SustAt   +     (helmet restricted)
rPois  .         Gourm    .     (no amulet)
rElec  .         Spirit   .     g - ring of sustain attributes
rCorr  .         Warding  .     (no ring)
rMut   .         Stasis   .     (no ring)
MR     .....                    (no ring)
Stlth  ++........               (no ring)
                                (no ring)
                                (no ring)
                                (no ring)

@: not resistant to hostile enchantments, unstealthy
A: almost no armour, amphibious, 8 rings, constrict 8, camouflage 1, gelatinous
body 1
a: no special abilities


You were on level 5 of the Dungeon.
You were hungry.

You visited 1 branch of the dungeon, and saw 5 of its levels.

You collected 193 gold pieces.

Inventory:

Hand weapons
 a - a +0 long sword (weapon)
Armour
 b - a +0 shield (worn)
Jewellery
 g - a ring of sustain attributes (left tentacle)
 l - an uncursed ring of ice
Scrolls
 n - a scroll of remove curse
Potions
 c - 2 potions of might
 e - a potion of haste {unknown}
 i - a potion of poison {unknown}
 k - a potion of lignification {unknown}
 m - a potion of ambrosia {unknown}
 o - a potion of magic
Books
 p - a book of the Sky

   Spells                             Type                      Level
   a - Summon Lightning Spire         Summoning/Air                4
   b - Airstrike                      Air                          4
   c - Silence                        Hexes/Air                    5
   d - Deflect Missiles               Charms/Air                   6
   e - Conjure Ball Lightning         Conjuration/Air              6
   f - Tornado                        Air                          9
Comestibles
 d - 5 bread rations
 f - a slice of pizza
 h - 4 meat rations


   Skills:
 + Level 6.1 Fighting
 + Level 5.5 Long Blades
 - Level 3.0 Dodging
 - Level 3.0 Shields


You had 6 spell levels left.
You didn't know any spells.

Dungeon Overview and Level Annotations

Branches:
Dungeon (5/15)
 Temple: D:4-7

Altars:
Gozag
Okawaru


Innate Abilities, Weirdness & Mutations

You cannot wear most types of armour.
You are amphibious.
You can wear up to eight rings at the same time.
You can use your tentacles to constrict eight enemies at once.
Your skin changes colour to match your surroundings (Stealth).
Your rubbery body absorbs attacks (AC +1).


Message History

a club; a kobold skeleton You block the kobold's attack.
You are too injured to fight recklessly!
The kobold shouts!
You hit the kobold but do no damage. Your grab misses the kobold.
The kobold hits you with a club.
* * * LOW HITPOINT WARNING * * *
The sky beast flickers out of sight!
Deactivating autopickup; reactivate with Ctrl-A.
You hit the kobold. Your grab misses the kobold. You squeeze the kobold.
You kill the kobold!
Something hits you.
* * * LOW HITPOINT WARNING * * *
Something shocks you.
* * * LOW HITPOINT WARNING * * *
Drink which item? (? for menu, Esc to quit)
It was a potion of magic.
Magic courses through your body. Something hits you.
* * * LOW HITPOINT WARNING * * *
Something shocks you.
You die...

..........((............
.........(..............
≈.≈≈≈....(≈≈.≈≈≈≈.≈.≈..≈
≈≈≈≈.....≈≈≈≈≈≈≈≈≈≈≈≈≈≈≈
≈≈≈≈≈.....≈≈≈≈≈≈≈≈≈≈≈≈≈≈
≈≈≈≈≈....≈≈≈≈≈≈≈≈≈≈≈≈≈≈≈
######''################
#....# .....# #..@K#
......
##.)))#########......
#....KK#.............
+......K(..........K.
#......#.............
##....#########......
#....# ..... #....# ...#
###### ###


You could see 4 kobolds.

Vanquished Creatures
  An ogre (D:4)
  A big kobold (D:5)
  A crimson imp (D:5)
  2 centaur zombies (D:4)
  Ijyb (D:3)
  A hound (D:3)
  Jessica (D:2)
  A worker ant (D:4)
  2 hound zombies (D:4)
  3 worker ant zombies (D:4)
  4 adders
  An ooze (D:2)
  An adder zombie (D:4)
  2 worms (D:2)
  2 giant geckos
  A ball python (D:3)
  6 bats
  A giant cockroach (D:1)
  10 goblins
  6 hobgoblins
  2 giant newts
  A jackal skeleton (D:4)
  11 kobolds
  2 quokkas (D:2)
  2 quokka skeletons (D:4)
  10 rats
76 creatures vanquished.

Vanquished Creatures (others)
  5 toadstools (D:1)
5 creatures vanquished.

Grand Total: 81 creatures vanquished

Notes
Turn   | Place    | Note
--------------------------------------------------------------
     0 | D:1      | Ordine the Octopode Fighter began the quest for the Orb.
     0 | D:1      | Reached XP level 1. HP: 16/16 MP: 1/1
   118 | D:1      | Reached XP level 2. HP: 21/21 MP: 2/2
   572 | D:2      | Found an opulent altar of Gozag.
   581 | D:2      | Reached XP level 3. HP: 24/26 MP: 3/3
  1051 | D:2      | Noticed Jessica
  1056 | D:2      | Killed Jessica
  1056 | D:2      | Reached skill level 4 in Fighting
  1056 | D:2      | Reached XP level 4. HP: 19/33 MP: 4/4
  2044 | D:3      | Noticed Ijyb
  2050 | D:3      | Killed Ijyb
  2050 | D:3      | Reached XP level 5. HP: 27/38 MP: 5/5
  2717 | D:4      | Reached skill level 5 in Fighting
  2722 | D:4      | Reached XP level 6. HP: 18/45 MP: 6/6
  2898 | D:4      | Found an iron altar of Okawaru.
  3066 | D:4      | Noticed an ogre
  3089 | D:4      | Killed an ogre
  3094 | D:4      | Reached skill level 5 in Long Blades
  3455 | D:5      | Entered Level 5 of the Dungeon
  3464 | D:5      | Reached XP level 7. HP: 43/51 MP: 7/7
  3526 | D:5      | Reached skill level 6 in Fighting
  3740 | D:5      | HP: 1/52 [something (2)]
  3740 | D:5      | Slain by a sky beast

Vault maps used:
D:1:      ldierk_walled_garden
D:2:      nicolae_overflow_crystal_walls, uniq_jessica
D:3:      uniq_iyjb
D:4:      kennysheep_mini_moat, serial_undead, serial_undead_f, serial_undead_a,
          serial_undead_b, serial_undead_a, first_bread, grunt_decor_one_mirror
D:5:      minmay_goblin_kobold_castle, nicolae_ru_sacrificial_ziggurat,
          amethyst_overflow_temple_binary, minmay_temple_entry_overgrown,
          kennysheep_generic_room_15, uniq_edmund

Action                   |  1- 3 |  4- 6 |  7- 9 || total
-------------------------+-------+-------+-------++-------
Melee: Long sword        |    66 |    84 |    21 ||   171
  Use: Scroll            |     2 |     2 |       ||     4
       Potion            |       |       |     3 ||     3
 Stab: Sleeping          |     6 |     4 |       ||    10
       Distracted        |       |     2 |       ||     2
  Eat: Chunk             |       |     8 |       ||     8
